 Dungeon Crawl Stone Soup version 0.28-a0-503-g83f2989fac (webtiles) character file.

Game seed: 8615638468388683295

592 sizableburger the Grave Robber (level 7, -6/50 HPs)
             Began as a Human Necromancer on Sept 21, 2021.
             Was an Initiate of Wu Jian.
             Mangled by Menkaure (17 damage)
             ... on level 4 of the Dungeon.
             The game lasted 00:18:59 (7595 turns).

sizableburger the Grave Robber (Human Necromancer)  Turns: 7595, Time: 00:18:59

Health: -6/50      AC:  7    Str:  8    XL:     7   Next: 66%
Magic:  11/11      EV: 13    Int: 18    God:    Wu Jian [......]
Gold:   141        SH:  0    Dex: 13    Spells: 4/12 levels left

rFire   . . .      SeeInvis .   e - +0 falchion
rCold   . . .      Faith    .   (no shield)
rNeg    . . .      Spirit   .   a - +1 robe
rPois   .          Reflect  .   (no helmet)
rElec   .          Harm     .   (no cloak)
rCorr   .          Rampage  .   (no gloves)
Will    .....                   (no boots)
Stlth   ++........              (no amulet)
HPRegen 0.16/turn               q - +4 ring of protection
MPRegen 0.12/turn               (no ring)

@: about to teleport, studying Earth Magic
A: no striking features
a: Renounce Religion


You were on level 4 of the Dungeon.
You worshipped Wu Jian.
Wu Jian was noncommittal.
You visited 2 branches of the dungeon, and saw 5 of its levels.
You also visited: Sewer.

You collected 141 gold pieces.

Inventory:

Hand Weapons
 e - a +0 falchion (weapon)
Armour
 a - a +1 robe (worn)
Magical Staves
 g - a staff of death
Jewellery
 q - a +4 ring of protection (left hand)
Scrolls
 j - a scroll of fear {unknown}
 l - a scroll of enchant armour
 p - a scroll of magic mapping
 s - a scroll of enchant weapon {unknown}
Potions
 c - 2 potions of invisibility
 d - 4 potions of heal wounds
 f - a potion of flight {unknown}
 i - 6 potions of curing
 k - 2 potions of haste {unknown}
 m - a potion of mutation {unknown}
 n - a potion of degeneration {unknown}
 o - a potion of attraction {unknown}
 r - a potion of ambrosia {unknown}


   Skills:
 + Level 2.0 Fighting
 + Level 4.0 Long Blades
 - Level 0.2 Staves
 - Level 3.3 Dodging
 - Level 2.0 Stealth
 - Level 3.0 Spellcasting
 + Level 6.0 Necromancy
 - Level 0.2 Evocations


You had 4 spell levels left.
You knew the following spells:

 Your Spells              Type           Power      Damage    Failure   Level
a - Pain                  Necr           96%        1d8       1%          1
b - Vampiric Draining     Necr           12%        2d7       4%          3
c - Animate Dead          Necr           12%        N/A       14%         4

Your spell library contained the following spells:

 Spells                   Type           Power      Damage    Failure   Level
 Animate Skeleton         Necr           48%        N/A       1%          1
 Blink                    Tloc           N/A        N/A       24%         2
 Dazzling Flash           Conj/Hex       4%         N/A       43%         3
 Agony                    Necr           24%        N/A       36%         5
 Manifold Assault         Tloc           2%         N/A       99%         5
 Silence                  Hex/Air        1%         N/A       99%         5
 Storm Form               Tmut/Air       1%         N/A       100%        7


Dungeon Overview and Level Annotations

Branches:
Dungeon (4/15)             Temple (1/1) D:4           Sewer (visited)

Altars:
Dithmenos
Gozag
Trog
Uskayaw
Wu Jian
Yredelemnul
Zin

Annotations:
D:4 Menkaure


Message History

Aiming: Pain (safe; 1% risk of failure)
Press: ? - help, Q - select action, (/) - cycle Shift-Dir - straight line, f - you
Okay, then.
Throw: throwing net
Press: ? - help, Q - select action, (/) - cycle Shift-Dir - straight line, f - Menkaure
Aim: Menkaure (73% to hit)
You throw a throwing net. The throwing net hits Menkaure.
Menkaure is caught in the net!
Unknown command.
You hit Menkaure.
Menkaure is lightly damaged.
Menkaure struggles against the net.
You slash Menkaure!
Menkaure is moderately damaged.
Menkaure mumbles some strange words.
Menkaure seems to speed up.
Menkaure struggles against the net.
You hit Menkaure but do no damage.
Menkaure is moderately damaged.
You barely miss Menkaure.
Menkaure is moderately damaged.
Menkaure struggles against the net.
Menkaure calls on the powers of darkness!
Your body is wracked with pain!
Menkaure struggles against the net.
You hit Menkaure but do no damage.
Menkaure is moderately damaged.
You hit Menkaure but do no damage.
Menkaure is moderately damaged.
Menkaure struggles against the net.
You hit Menkaure but do no damage.
Menkaure is moderately damaged.
Menkaure calls on the powers of darkness!
Your body is wracked with pain!
* * * LOW HITPOINT WARNING * * *
Menkaure struggles against the net.
The net rips apart, and Menkaure comes free!
Okay, then.
As you read the scroll labelled BIATEL RENYPNI, it crumbles to dust.
You feel strangely unstable.
It was a scroll of teleportation.
Menkaure hits you!
You die...

# #.##........#.##########.## ##
#.##..####..#.# #.# ≈## #.###.##
#..#.# #[# ≈≈# #.###..#
#..#.##..... #.#
≈.#####......###..#.##.....# #.##
≈.................#.##.....# #...
#.#............#.##.##.....# #)#.
..#............+M...##.....###)..
.##............#@#####.....##..##
.##.##...............'.....#..###
###.##)########..#####.......####
# #.##.# #..# #.....'.###. #
#.##.# #..# #.....#.##.. ###.##.#
#..# ###.#.#.##..
..#.##.########..# #.#.#..#..
###.............># # #.##.##.
.......#####...... ..##..#.


You could see Menkaure (fast).

Vanquished Creatures
  A kobold brigand (Sewer)
  2 jellies
  2 hounds
  3 orc wizards
  A hound skeleton (D:4)
  9 gnolls (D:2)
  8 adders
  A river rat (Sewer)
  5 worms
  3 dart slugs (D:1)
  5 orcs
  6 bats
  15 endoplasms
  5 giant cockroaches
  8 goblins
  4 hobgoblins
  3 jackals (D:1)
  20 kobolds
  3 quokkas
  14 ball pythons
  2 frilled lizards (D:2)
  18 rats
138 creatures vanquished.

Vanquished Creatures (others)
  4 fungi (D:2)
  10 toadstools (D:2)
14 creatures vanquished.

Grand Total: 152 creatures vanquished

Notes
Turn   | Place    | Note
-------+----------+-------------------------------------------
     0 | D:1      | sizableburger the Human Necromancer began the quest for the
                  | Orb.
     0 | D:1      | Reached XP level 1. HP: 13/13 MP: 3/3
   306 | D:1      | Reached skill level 1 in Fighting
   306 | D:1      | Reached XP level 2. HP: 18/21 MP: 0/5
   403 | D:1      | Found a faded altar of an unknown god.
   962 | D:1      | Reached XP level 3. HP: 23/26 MP: 3/6
   967 | D:1      | Learned a level 3 spell: Vampiric Draining
  1531 | D:1      | Reached skill level 1 in Long Blades
  2100 | D:2      | Reached XP level 4. HP: 26/32 MP: 2/7
  2412 | D:2      | Reached XP level 5. HP: 27/37 MP: 0/9
  2965 | D:2      | Reached skill level 5 in Necromancy
  3221 | D:2      | Learned a level 4 spell: Animate Dead
  3733 | D:3      | Found a glowing drain.
  3750 | D:3      | Reached XP level 6. HP: 26/43 MP: 4/10
  3867 | Sewer    | Entered a sewer
  5131 | D:2      | Reached XP level 7. HP: 28/48 MP: 7/11
  6299 | D:4      | Noticed Menkaure
  7092 | D:4      | Reached skill level 6 in Necromancy
  7355 | D:4      | Found a staircase to the Ecumenical Temple.
  7366 | Temple   | Entered the Ecumenical Temple
  7379 | Temple   | Became a worshipper of the Wu Jian Council
  7595 | D:4      | Mangled by Menkaure

Illustrated notes

Levels and vault maps discovered:
D:1:      elethiomel_arrival_diamonds, layout_loops_ring,
          chequers_ecumenical_altar_island, minmay_misc_feat_rows,
          minmay_misc_feat_five, columned_hall_lemuel, minmay_pentomino_r4
D:2:      cheibrodos_fertilizer, layout_basic, minivault_25
D:3:      layout_rooms, portal_sewer_entry_b
D:4:      layout_basic, minmay_temple_entry_antechambers, serial_rivers,
          chequers_serial_rivers_small_3, chequers_serial_rivers_room_a,
          chequers_serial_rivers_micro_e, chequers_serial_rivers_large_b,
          chequers_serial_rivers_micro_d, kennysheep_nub,
          amcnicky_mini_rare_corridor_liquid, minmay_manual_moon, uniq_menkaure
Temple:   eino_temple_rhombus

Skill      XL: |  1  2  3  4  5  6  7 |
---------------+----------------------+-----
Fighting       | 1 2 |  2.0
Long Blades    | 1 2 3 4 |  4.0
Spellcasting   | 3 |  3.0
Necromancy     | 5 6 |  6.0
Dodging        | 3 |  3.3
Staves         | |  0.2
Stealth        | |  2.0
Evocations     | |  0.2

Action                   |  1- 3 |  4- 6 |  7- 9 || total
-------------------------+-------+-------+-------++-------
Melee: Falchion          |    22 |   183 |    74 ||   279
       Staff             |       |     4 |       ||     4
Throw: Throwing net      |       |       |     1 ||     1
 Cast: Pain              |    53 |    27 |    17 ||    97
       Vampiric Draining |     1 |    28 |    24 ||    53
Invok: Lunge             |       |       |     1 ||     1
  Use: Scroll            |       |     6 |     3 ||     9
 Stab: Sleeping          |     1 |     3 |     1 ||     5
Armor: Robe              |    15 |    33 |    27 ||    75
Dodge: Dodged            |    29 |   131 |    61 ||   221

Table legend: (Time is in decaauts)
 A = Elapsed time spent in this place.
 B = Non-inter-level travel time spent in this place.
 C = Inter-level travel time spent in this place.
 D = Time resting spent in this place.
 E = Time spent auto-exploring this place.
 F = Levels seen in this place.
 G = Mean time per level.
                   A        B        C        D        E       F      G
               +--------+--------+--------+--------+--------+-----+--------+
         Total |   7780 |   7463 |    317 |   1187 |   4577 |   6 | 1296.7 |
       Dungeon |   6715 |   6425 |    290 |   1034 |   4039 |   4 | 1678.8 |
        Temple |     30 |      3 |     27 |      0 |      0 |   1 |   30.0 |
         Sewer |   1033 |   1033 |      0 |    153 |    538 |   1 | 1033.0 |
               +--------+--------+--------+--------+--------+-----+--------+

Top non-repeatable levels by time:
     D:2: 2439 daAuts
     D:1: 1630 daAuts
     D:4: 1392 daAuts
     D:3: 1252 daAuts
   Sewer: 1033 daAuts
  Temple: 30 daAuts
